 Dungeon Crawl Stone Soup version 0.31-a0-917-ga885b83477 (webtiles) character file.

Game seed: 3742895216229646327

3551 BinkBink the Carver (level 9, -4/82 HPs)
             Began as a Minotaur Monk on Oct 17, 2023.
             Was a Priest of the Shining One.
             Slain by a two-headed ogre
             ... wielding a +0 giant spiked club
              (19 damage)
             ... on level 9 of the Dungeon.
             The game lasted 00:12:17 (8518 turns).

BinkBink the Carver (Minotaur Monk)                 Turns: 8518, Time: 00:12:18

Health: -4/82      AC:  8    Str: 16    XL:     9   Next: 83%
Magic:  9/9        EV: 23    Int:  7    God:    the Shining One [***...]
Gold:   348        SH:  0    Dex: 23    Spells: 10/10 levels left

rFire   . . .        F - +4 great sword
rCold   . . .        (shield currently unavailable)
rNeg    + . .        E - +1 steam dragon scales
rPois   .            (helmet restricted)
rElec   .            w - +0 cloak
rCorr   .            (no gloves)
SInv    .            (no boots)
Will    .....        (no amulet)
Stlth   +            k - +6 ring of dexterity
HPRegen 0.33/turn    t - +5 ring of evasion
MPRegen 0.11/turn

%: no passive effects
@: attractive, glowing
A: horns 2, retaliatory headbutt, sturdy frame 1
a: Renounce Religion, Divine Shield, Cleansing Flame


You were on level 9 of the Dungeon.
You worshipped the Shining One.
The Shining One was most pleased with you.
You visited 2 branches of the dungeon, and saw 10 of its levels.

You collected 348 gold pieces.

Inventory:

Hand Weapons
 f - a +2 scimitar of flaming
 F - a +4 great sword (weapon)
Armour
 b - a +0 robe
 d - an orb of light
 w - a +0 cloak (worn)
 E - +1 steam dragon scales (worn)
Jewellery
 a - a ring of resist corrosion
 k - a +6 ring of dexterity (left hand)
 n - a ring of flight
 r - a ring of protection from cold
 t - a +5 ring of evasion (right hand)
 A - a +5 ring of evasion
Wands
 v - a wand of polymorph (10)
 z - a wand of iceblast (8)
Scrolls
 j - 2 scrolls of poison
 q - a scroll of fog
 D - a scroll of teleportation
Potions
 c - a potion of ambrosia
 e - 2 potions of curing
 h - 2 potions of mutation
 i - 2 potions of heal wounds
 l - 2 potions of brilliance
 p - 3 potions of degeneration
 s - a potion of magic
 x - 3 potions of enlightenment


   Skills:
 + Level 8.3 Fighting
 * Level 11.0 Long Blades
 + Level 7.3 Armour
 + Level 7.5 Dodging
 - Level 1.6 Shields
 + Level 1.3 Spellcasting


You had 10 spell levels left.
You didn't know any spells.
Your spell library contained the following spells:

 Spells                   Type           Power      Damage    Failure   Level
 Summon Small Mammal      Summ           0%         N/A       38%         1
 Call Canine Familiar     Summ           0%         N/A       77%         3
 Stone Arrow              Conj/Erth      0%         3d7       77%         3
 Summon Guardian Golem    Hex/Summ       0%         N/A       77%         3
 Animate Armour           Summ/Erth      0%         N/A       99%         4
 Lehudib's Crystal Spear  Conj/Erth      0%         10d2      100%        8


Dungeon Overview and Level Annotations

Branches:
Dungeon (9/15)             Temple (1/1) D:4
   Lair: D:8-11         Orc: D:9-12

Altars:
Ashenzari
Cheibriados
Dithmenos
Elyvilon
Fedhas
Hepliaklqana
Kikubaaqudgha
Makhleb
Nemelex Xobeh
Okawaru
Qazlal
Ru
Sif Muna
Trog
Uskayaw
Vehumet
Wu Jian
Xom
Yredelemnul
Zin
The Shining One

Shops:
D:5 [

Annotations:
D:4 3 runed translucent doors, Opifex's ghost, novice GrSh


Innate Abilities, Weirdness & Mutations

You have a pair of horns on your head.
You reflexively headbutt those who attack you in melee.
Your movements are slightly less encumbered by armour. (ER -2)


Message History

The kobold brigand shouts!
The kobold shouts!
The kobold brigand throws a poisoned dart.
The poisoned dart completely misses you.
You see here a +0 long sword.
The kobold completely misses you.
You slice the kobold brigand!!
You kill the kobold brigand!
The kobold completely misses you.
You slice the kobold!!
You kill the kobold!
The kobold completely misses you.
You slice the kobold!!
You kill the kobold!
No target in view!
No target in view!
Items here: ( )) ††.
There is a stone staircase leading up here.
A two-headed ogre comes into view.
It is wielding a +0 giant spiked club and a +0 giant club.
The two-headed ogre shouts in stereo!
A two-headed ogre is nearby!
A two-headed ogre is nearby!
There is a stone staircase leading up here.
It was a potion of attraction.
You feel attractive to monsters.
You slash the two-headed ogre!
The two-headed ogre is lightly wounded.
The two-headed ogre completely misses you.
The two-headed ogre hits you with a +0 giant club!
You slice the two-headed ogre!!
The two-headed ogre is heavily wounded.
The two-headed ogre hits you with a +0 giant spiked club!
The two-headed ogre hits you with a +0 giant club!
You hit the two-headed ogre.
The two-headed ogre is heavily wounded.
You slash the two-headed ogre!
The two-headed ogre is severely wounded.
The two-headed ogre hits you with a +0 giant spiked club!!
* * * LOW HITPOINT WARNING * * *
The two-headed ogre hits you with a +0 giant club!!
You die...

#..#
#..#
#..#
#..#
#..#
#..#
#..#
#.O#
#.@#
#..#
#.<#
#..#
#..#
##..#
#..#
...#
#<.#
...#
#))#
#..#
#..#
#..#
#).#


You could see a two-headed ogre.

Vanquished Creatures
  A hornet (D:7)
  3 steam dragons
  A wyvern (D:7)
  An acid dragon (D:8)
  A water moccasin (D:7)
  2 orc warriors (D:7)
  An ice beast (D:8)
  A sky beast (D:6)
  2 ogres
  2 centaurs
  A kobold brigand (D:9)
  3 gnoll sergeants (D:8)
  3 scorpions
  10 wights (D:8)
  3 hounds
  A gnoll bouda (D:8)
  6 orc priests
  A sleepcap (D:6)
  2 iguanas
  7 orc wizards
  20 gnolls
  9 adders
  A shadow imp (D:6)
  A white imp (D:6)
  A worm (D:2)
  4 dart slugs
  24 orcs
  7 ball pythons
  3 bats (D:2)
  8 endoplasms
  4 giant cockroaches
  7 goblins
  9 hobgoblins
  8 jackals
  9 kobolds
  6 quokkas
  2 frilled lizards (D:3)
  4 rats
179 creatures vanquished.

Notes
Turn   | Place    | Note
-------+----------+-------------------------------------------
     0 | D:1      | BinkBink the Minotaur Monk began the quest for the Orb.
     0 | D:1      | Reached XP level 1. HP: 19/19 MP: 0/0
   179 | D:1      | Reached XP level 2. HP: 27/27 MP: 1/1
   180 | D:1      | Reached skill level 4 in Long Blades
   218 | D:1      | Reached skill level 1 in Armour
   619 | D:2      | Reached XP level 3. HP: 13/33 MP: 2/2
  1190 | D:3      | Reached XP level 4. HP: 40/40 MP: 3/3
  1365 | D:3      | Reached skill level 5 in Long Blades
  1825 | D:3      | Found a bloodstained altar of Trog.
  1891 | D:4      | Found a runed translucent gate.
  1891 | D:4      | Found a runed translucent gate.
  1891 | D:4      | Found a runed translucent gate.
  2181 | D:4      | Reached XP level 5. HP: 28/47 MP: 4/4
  2293 | D:4      | Noticed Opifex's ghost (novice GrSh)
  2294 | D:4      | Identified the +4 scale mail of Fakh {rN++ Stlth+}
  2434 | D:4      | Reached XP level 6. HP: 50/55 MP: 5/5
  2458 | D:4      | Reached skill level 5 in Fighting
  2458 | D:4      | Reached skill level 6 in Long Blades
  2649 | D:4      | Found a staircase to the Ecumenical Temple.
  2668 | Temple   | Entered the Ecumenical Temple
  2679 | Temple   | Became a worshipper of the Shining One
  2679 | Temple   | Reached * piety under the Shining One
  2679 | Temple   | Reached ** piety under the Shining One
  2829 | D:5      | Entered Level 5 of the Dungeon
  2964 | D:5      | Found Oniruj's Antique Armour Shop.
  2988 | D:5      | Reached XP level 7. HP: 54/61 MP: 6/6
  3947 | D:6      | Reached skill level 5 in Dodging
  3977 | D:6      | Reached skill level 7 in Long Blades
  4046 | D:6      | Found a hazy altar of Hepliaklqana.
  4052 | D:6      | Found a broken altar of Ashenzari.
  4055 | D:6      | Noticed a steam dragon
  4063 | D:6      | Killed a steam dragon
  4296 | D:6      | Found a sacrificial altar of Ru.
  4350 | D:6      | Reached XP level 8. HP: 66/70 MP: 7/7
  4396 | D:6      | Found a hide-covered altar of Uskayaw.
  4409 | D:6      | Reached skill level 8 in Long Blades
  4412 | D:6      | Reached skill level 5 in Armour
  4495 | D:6      | Found an iron altar of Okawaru.
  4767 | D:6      | Gained mutation: You possess an exceptional clarity of
                  | mind. [potion of mutation]
  4767 | D:6      | Gained mutation: Your mind is acute. (Int +4, Str/Dex -1)
                  | [potion of mutation]
  4768 | D:6      | Lost mutation: You possess an exceptional clarity of mind.
                  | [potion of mutation]
  4768 | D:6      | Lost mutation: Your mind is acute. (Int +4, Str/Dex -1)
                  | [potion of mutation]
  4768 | D:6      | Gained mutation: Your movements are slightly less
                  | encumbered by armour. (ER -2) [potion of mutation]
  5156 | D:7      | Found a sparkling altar of Nemelex Xobeh.
  5446 | D:7      | Reached skill level 9 in Long Blades
  6351 | D:8      | Noticed a hornet
  6371 | D:7      | Killed a hornet
  6372 | D:7      | Reached XP level 9. HP: 41/79 MP: 8/8
  6604 | D:8      | Reached skill level 10 in Long Blades
  6865 | D:8      | Reached *** piety under the Shining One
  7242 | D:8      | Reached skill level 1 in Shields
  7523 | D:8      | Reached skill level 1 in Spellcasting
  8459 | D:9      | Reached skill level 11 in Long Blades
  8492 | D:9      | Noticed a two-headed ogre
  8518 | D:9      | Slain by a two-headed ogre

Illustrated notes

Levels and vault maps discovered:
D:1:      minmay_arrival_stone_box, layout_basic
D:2:      layout_rooms, minivault_24, nrook_loot_triangle, feat_on_display
D:3:      layout_loops_ring, mainiacjoe_overflow_alcove_2
D:4:      layout_rooms, temple_doors_cd, biasface_ghost_orc_armoury
D:5:      layout_basic, serial_shops, shop
D:6:      layout_loops_ring, okawaru_metal_pillars_1_2,
          mainiacjoe_overflow_concentric_impassable,
          gammafunk_temple_overflow_forgotten, chequers_serial_rivers_micro_a
D:7:      layout_basic, mainiacjoe_overflow_surrounded_room
D:8:      layout_cave_pools, grunt_ministairs_8
D:9:      layout_long_grid, orc_0_dummy
Temple:   nicolae_temple_great_sept

Skill      XL: |  1  2  3  4  5  6  7  8  9 |
---------------+----------------------------+-----
Long Blades    | 4 5 6 7 9 11 | 11.0
Armour         | 1 2 3 4 6 7 |  7.3
Fighting       | 4 5 6 7 8 |  8.3
Dodging        | 4 5 6 7 |  7.5
Shields        | 1 |  1.6
Spellcasting   | 1 |  1.3

Action                     |  1- 3 |  4- 6 |  7- 9 || total
---------------------------+-------+-------+-------++-------
  Melee: Falchion          |    76 |   100 |   107 ||   283
         Headbutt          |    12 |    19 |    48 ||    79
         Scimitar          |       |       |    86 ||    86
         Great sword       |       |       |    30 ||    30
    Use: Scroll            |       |       |    15 ||    15
         Potion            |       |       |     3 ||     3
 Armour: Robe              |    23 |       |       ||    23
         Leather armour    |     4 |    55 |    99 ||   158
         Steam dragon scal |       |       |     6 ||     6
  Dodge: Dodged            |    69 |    63 |   207 ||   339
  Block: Kite shield       |       |       |    18 ||    18

Table legend: (Time is in decaauts)
 A = Elapsed time spent in this place.
 B = Non-inter-level travel time spent in this place.
 C = Inter-level travel time spent in this place.
 D = Time resting spent in this place.
 E = Time spent auto-exploring this place.
 F = Levels seen in this place.
 G = Mean time per level.
                   A        B        C        D        E       F      G
               +--------+--------+--------+--------+--------+-----+--------+
         Total |   8525 |   8090 |    435 |   1285 |   5593 |  10 |  852.5 |
       Dungeon |   8502 |   8088 |    414 |   1285 |   5593 |   9 |  944.7 |
        Temple |     22 |      1 |     21 |      0 |      0 |   1 |   22.0 |
               +--------+--------+--------+--------+--------+-----+--------+

Top non-repeatable levels by time:
     D:7: 1919 daAuts
     D:8: 1607 daAuts
     D:4: 1142 daAuts
     D:5: 993 daAuts
     D:6: 868 daAuts
     D:3: 792 daAuts
     D:1: 588 daAuts
     D:2: 517 daAuts
     D:9: 74 daAuts
  Temple: 22 daAuts
